AoeStats
← TocToc.Commandeur_Rod

Arabia

509146721Analyzed
1v1 RM · 7d ago on Sep 25, 2026· 34m 0s· 2 players
Game mode
Random Map
Map size
Tiny (2 player)
Population
200
Speed
Normal
Resources
Standard
Victory
Conquest
Starting age
Dark Age
Ending age
Imperial Age
RankedLock teamsTeams togetherTeam positionsShared explorationLock speedFull tech treeHidden civsTurbo modeCheats
Victory
Defeat
🇫🇷 Franks · France
1491
+16
1500
-16
TocToc.Commandeur_Rod
8:54 Feudal Age
8:39 Loom
13:16 Double-Bit Axe
17:00 Wheelbarrow
19:40 Castle Age
18:52 Scale Barding Armor
19:19 Gold Mining
20:38 Bow Saw
20:46 Forging
25:28 Iron Casting
24:43 Fletching
28:09 Scale Mail Armor
28:37 Chain Barding Armor
31:17 Scale Mail Armor
31:52 Husbandry
32:06 Devotion
33:23 Squires
33:08 Arson
[youte_GG]Хабул хан
7:22 Loom
9:46 Feudal Age
10:18 Double-Bit Axe
10:35 Man-at-Arms
13:51 Fletching
20:46 Castle Age
18:44 Horse Collar
20:05 Scale Mail Armor
21:46 Chain Mail Armor
21:43 Bow Saw
25:14 Forging
26:21 Squires
27:24 Wheelbarrow
29:28 Iron Casting
31:05 Scale Barding Armor
32:41 Chain Barding Armor
Connection lost

Rejoining the realm…

Still unreachable

The connection could not be restored.

Session expired

The server has moved on; the page needs a fresh start.